 Dungeon Crawl Stone Soup version 0.29.1-2-gbd0b4ee654 (webtiles) character file.

Game seed: 4266682227870320947

1418 zeram the Cudgeller (level 8, 0/49 HPs)
             Began as a Gargoyle Fighter on Nov 11, 2022.
             Slain by a wight
             ... wielding a +3 spear of freezing
              (1 damage)
             ... on level 7 of the Dungeon.
             The game lasted 00:12:37 (6973 turns).

zeram the Cudgeller (Gargoyle Fighter)              Turns: 6973, Time: 00:12:38

Health: 0/49       AC: 17    Str: 22    XL:     8   Next: 71%
Magic:  2/2        EV:  7    Int:  9    God:
Gold:   273        SH: 12    Dex:  9    Spells: 7/7 levels left

rFire   . . .      SeeInvis .   p - +1 whip (antimagic)
rCold   . . .      Faith    .   w - +0 tower shield
rNeg    + . .      Spirit   .   b - +0 scale mail
rPois   ∞          Reflect  .   v - +0 helmet
rElec   +          Harm     .   m - +0 cloak
rCorr   .          Rampage  .   (no gloves)
Will    .....                   q - +0 pair of boots
Stlth   ..........              (no amulet)
HPRegen 0.16/turn               f - +4 ring of slaying
MPRegen 0.08/turn               s - ring of wizardry

@: no status effects
A: sickness immunity, AC +5, negative energy resistance 1, electricity
resistance, torment resistance 1, petrification resistance
a: no special abilities


You were on level 7 of the Dungeon.
You visited 1 branch of the dungeon, and saw 7 of its levels.

You collected 273 gold pieces.

Inventory:

Hand Weapons
 a - a +0 flail
 g - a +0 whip
 p - a +1 antimagic whip (weapon)
Armour
 b - a +0 scale mail (worn)
 c - a +0 buckler
 m - a +0 cloak (worn)
 n - a +0 buckler of poison resistance
 q - a +0 pair of boots (worn)
 v - a +0 helmet (worn)
 w - a +0 tower shield (worn)
Jewellery
 f - a +4 ring of slaying (left hand)
 s - a ring of wizardry (right hand)
Wands
 l - a wand of iceblast (10)
Scrolls
 d - a scroll of magic mapping
 h - 3 scrolls of poison
 j - a scroll of teleportation
 u - a scroll of blinking {unknown}
 x - a scroll of enchant armour {unknown}
 y - a scroll of immolation {unknown}
 z - a scroll of butterflies {unknown}
 A - a scroll of torment {unknown}
Potions
 e - 3 potions of magic
 i - 2 potions of curing
 o - a potion of ambrosia
 r - a potion of degeneration
 t - a potion of attraction


   Skills:
 + Level 5.1 Fighting
 + Level 6.8 Maces & Flails
 + Level 6.5 Armour
 + Level 2.5 Dodging
 + Level 5.3 Shields


You had 7 spell levels left.
You didn't know any spells.
Your spell library contained the following spells:

 Spells                   Type           Power      Damage    Failure   Level
 Apportation              Tloc           0%         N/A       98%         1
 Necrotise                Necr           0%         1d4       98%         1
 Summon Small Mammal      Summ           0%         N/A       98%         1
 Blink                    Tloc           0%         N/A       99%         2
 Call Canine Familiar     Summ           0%         N/A       100%        3
 Lesser Beckoning         Tloc           0%         N/A       100%        3
 Summon Guardian Golem    Hex/Summ       0%         N/A       100%        3
 Alistair's Intoxication  Tmut/Pois      0%         N/A       100%        5
 Borgnjor's Vile Clutch   Necr/Erth      0%         N/A       100%        5
 Manifold Assault         Tloc           0%         N/A       100%        5
 Eringya's Noxious Bog    Tmut/Pois      0%         N/A       100%        6


Dungeon Overview and Level Annotations

Branches:
Dungeon (7/15)
 Temple: D:4-7

Altars:
Dithmenos
Kikubaaqudgha
Makhleb
Nemelex Xobeh
Sif Muna
Trog
Vehumet

Shops:
D:2 :   D:4 [


Innate Abilities, Weirdness & Mutations

You are immune to sickness and miasma.
Your stone body is resilient. (AC +5)
You are immune to poison.
You resist negative energy. (rN+)
You are resistant to electric shocks. (rElec)
You are resistant to unholy torment.
You are immune to petrification.


Message History

You block the orc warrior's attack.
An orc comes into view. It is wielding a +0 flail.
The orc shouts!
You block the bullfrog's attack.
An orc comes into view. It is wielding a +0 falchion.
The bullfrog hits you but does no damage.
Things that are here:
a +0 club; a +0 leather armour; an orc corpse The bullfrog attacks as you move away!
You block the bullfrog's attack. The orc attacks as you move away!
The orc barely misses you. The bullfrog barely misses you.
The bullfrog attacks as you move away! You block the bullfrog's attack.
You block the bullfrog's attack. The orc attacks as you move away!
The orc hits you but does no damage. The bullfrog barely misses you.
You barely miss the bullfrog.
The bullfrog is severely wounded.
The bullfrog snags a nearby small bird with its tongue.
The bullfrog misses you. The bullfrog barely misses you.
You whack the bullfrog!
You kill the bullfrog!
You whack the orc!
You kill the orc!
The orc warrior unwields a +0 hand axe.
The orc warrior wields a +0 arbalest.
The orc warrior shoots a bolt.
You block the bolt.
You whack the orc!
You kill the orc!
The wight hits you but does no damage.
You hit the orc warrior but do no damage.
The orc warrior unwields a +0 arbalest.
The orc warrior wields a +0 hand axe.
The orc warrior completely misses you. The wight closely misses you.
You hit the orc warrior but do no damage.
The orc warrior hits you with a +0 hand axe.
* * * LOW HITPOINT WARNING * * *
The wight hits you from afar with a +0 halberd.
* * * LOW HITPOINT WARNING * * *
The wight hits you from afar with a +3 spear of freezing.
* * * LOW HITPOINT WARNING * * *
The wight freezes you.
You die...

#### ###
##..###
##..##..zo@#
#......oz###
..##..z.##
...##....#
##....zo.#
......z..#
.......))##
.#...#.#))#
#....###§#


You could see an orc warrior, 3 wights and an orc.

Vanquished Creatures
  Grinder (D:5)
  Prince Ribbit (D:5)
  An ice beast (D:7)
  A centaur (D:7)
  2 bullfrogs (D:7)
  A gnoll sergeant (D:6)
  A scorpion (D:4)
  2 hounds (D:6)
  3 orc priests
  Crazy Yiuf (D:3)
  Jessica (D:2)
  A gnoll bouda (D:3)
  2 iguanas (D:6)
  2 orc wizards
  12 gnolls
  3 shadow imps (D:6)
  A white imp (D:5)
  2 ufetubi (D:6)
  4 worms
  A dart slug (D:1)
  20 orcs
  A bat zombie (D:6)
  10 endoplasms
  5 giant cockroaches
  8 goblins
  8 hobgoblins
  14 jackals
  3 quokkas
  4 ball pythons
  5 bats
  2 frilled lizards (D:3)
  8 kobolds
  3 rats
  A rat zombie (D:6)
135 creatures vanquished.

Notes
Turn   | Place    | Note
-------+----------+-------------------------------------------
     0 | D:1      | zeram the Gargoyle Fighter began the quest for the Orb.
     0 | D:1      | Reached XP level 1. HP: 14/14 MP: 1/1
    54 | D:1      | Reached XP level 2. HP: 7/19 MP: 2/2
   498 | D:1      | Found a faded altar of an unknown god.
   598 | D:1      | Reached XP level 3. HP: 24/24 MP: 3/3
  1640 | D:2      | Found Yvveach's Book Emporium.
  1795 | D:2      | Noticed Jessica
  1796 | D:2      | Killed Jessica
  1797 | D:2      | Reached XP level 4. HP: 29/29 MP: 4/4
  2351 | D:3      | Found a shimmering blue altar of Sif Muna.
  2590 | D:3      | Found a sparkling altar of Nemelex Xobeh.
  2831 | D:3      | Found a burning altar of Makhleb.
  3041 | D:3      | Found a runed translucent door.
  3042 | D:3      | Noticed Crazy Yiuf
  3051 | D:3      | Killed Crazy Yiuf
  3052 | D:3      | Reached XP level 5. HP: 16/33 MP: 5/5
  3405 | D:4      | Reached skill level 1 in Dodging
  3914 | D:4      | Reached XP level 6. HP: 38/38 MP: 6/6
  4318 | D:4      | Found El's Dragon-Slaying Spoils.
  4482 | D:5      | Entered Level 5 of the Dungeon
  4485 | D:5      | Noticed Grinder
  4492 | D:5      | Paralysed by Grinder for 4 turns
  4501 | D:5      | Killed Grinder
  4502 | D:5      | Reached skill level 5 in Armour
  4502 | D:5      | Reached XP level 7. HP: 40/44 MP: 2/7
  4539 | D:5      | Noticed Prince Ribbit
  4551 | D:5      | Killed Prince Ribbit
  4552 | D:5      | Reached skill level 5 in Maces & Flails
  4667 | D:5      | Found a radiant altar of Vehumet.
  4934 | D:6      | Found a bloodstained altar of Trog.
  5245 | D:6      | Reached XP level 8. HP: 46/48 MP: 2/8
  5737 | D:6      | Found an ancient bone altar of Kikubaaqudgha.
  6608 | D:7      | Reached skill level 5 in Fighting
  6608 | D:7      | Reached skill level 5 in Shields
  6941 | D:7      | Found a shadowy altar of Dithmenos.
  6973 | D:7      | HP: 1/49 [wight/+3 spear of freezing (5)]
  6973 | D:7      | Slain by a wight

Illustrated notes

Levels and vault maps discovered:
D:1:      onia_arrival_pyramid, layout_loops_ring,
          dreamdust_ecumenical_altar_grove
D:2:      layout_basic, serial_shops, shop, uniq_jessica
D:3:      layout_loops_ring, nemelex_xobeh_ov_fountains_minmay,
          nicolae_sif_muna_little_library, bloody_makhleb,
          uniq_crazy_yiuf_cottage
D:4:      layout_rooms, kennysheep_donut, nicolae_shop_dragon_depot,
          kennysheep_big_empty_room
D:5:      layout_basic, fiery_altar_vehumet, mainiacjoe_overflow_cross_hatched,
          minmay_temple_entry_glass, kennysheep_small_spiral,
          uniq_prince_ribbit1, uniq_grinder
D:6:      layout_loops_ring, overflow_temple_1_default,
          lemuel_zombie_altar_kikubaaqudgha
D:7:      layout_cave_pools, grunt_dithmenos_smoke_and_mirrors

Skill      XL: |  1  2  3  4  5  6  7  8 |
---------------+-------------------------+-----
Maces & Flails | 3 4 5 6 |  6.8
Armour         | 4 5 6 |  6.5
Fighting       | 4 5 |  5.1
Dodging        | 1 2 |  2.5
Shields        | 4 5 |  5.3

Action                   |  1- 3 |  4- 6 |  7- 9 || total
-------------------------+-------+-------+-------++-------
Melee: Flail             |    96 |       |       ||    96
       Whip              |    26 |   187 |   209 ||   422
  Use: Scroll            |     1 |     9 |     3 ||    13
       Potion            |       |     3 |     5 ||     8
 Stab: Invisible         |       |       |     2 ||     2
Armor: Scale mail        |    67 |    72 |   145 ||   284
Dodge: Dodged            |    78 |    64 |    80 ||   222
Block: Buckler           |    33 |    52 |    10 ||    95
       Tower shield      |       |       |    81 ||    81
